 Dungeon Crawl Stone Soup version 0.26.1-11-gd32895ea62 (webtiles) character file.

Game seed: 14263921885527559542

634 Kukuleta the Digger (level 7, -7/50 HPs)
             Began as a White Draconian Earth Elementalist on July 10, 2021.
             Mangled by tamionv's ghost (8 damage)
             ... on level 5 of the Dungeon.
             The game lasted 00:17:45 (5063 turns).

Kukuleta the Digger (DrEE)                          Turns: 5063, Time: 00:17:46

Health: -7/50      AC:  6    Str: 10    XL:     7   Next: 24%
Magic:  18/22      EV: 12    Int: 17    God:
Gold:   242        SH:  0    Dex: 12    Spells: 10/14 levels left

rFire    . . .     SeeInvis .   p - +3 dagger (elec)
rCold    + . .     Faith    .   (no shield)
rNeg     + . .     Spirit   .   (armour unavailable)
rPois    .         Reflect  .   (helmet restricted)
rElec    .         Harm     .   (no cloak)
rCorr    .         Rampage  .   (no gloves)
Will     .....                  (no boots)
Stlth    ++........             (no amulet)
HPRegen  0.16/turn              n - ring of magical power
MPRegen  0.18/turn              s - ring of positive energy

@: no status effects
A: breathe frost, unfitting armour, cold resistance 1, cold-blooded, AC +6
a: Breathe Frost


You were on level 5 of the Dungeon.
You visited 1 branch of the dungeon, and saw 5 of its levels.

You collected 242 gold pieces.

Inventory:

Hand Weapons
 g - a +0 club
 m - a +1 dagger
 o - a +0 rapier
 p - a +3 dagger of electrocution (weapon)
Missiles
 b - 48 stones
Armour
 q - a +0 pair of gloves
Jewellery
 h - an uncursed ring of flight
 n - a ring of magical power (left hand)
 s - a ring of positive energy (right hand)
 t - an uncursed amulet of faith
 A - a cursed ring of teleportation
Wands
 l - a wand of flame (17)
 r - a wand of random effects (21)
Scrolls
 a - 3 scrolls of remove curse {unknown}
 e - a scroll of enchant weapon
 f - 2 scrolls of fog
 i - 2 scrolls of teleportation {unknown}
 k - 2 scrolls of blinking
 x - a scroll of amnesia {unknown}
 y - a scroll of enchant armour {unknown}
Potions
 c - a potion of mutation {unknown}
 d - 3 potions of curing {unknown}
 j - a potion of invisibility {unknown}
 u - 2 potions of haste {unknown}
 v - a potion of lignification {unknown}
 w - a potion of degeneration {unknown}
 z - 2 potions of flight {unknown}


   Skills:
 - Level 0.2 Fighting
 + Level 1.9 Short Blades
 - Level 2.0 Dodging
 - Level 1.8 Stealth
 + Level 4.3 Spellcasting
 + Level 3.8 Transmutations
 * Level 5.5 Earth Magic


You had 10 spell levels left.
You knew the following spells:

 Your Spells              Type           Power        Failure   Level
a - Sandblast             Erth           44%          1%          1
b - Stone Arrow           Conj/Erth      26%          14%         3

Your spell library contained the following spells:

 Spells                   Type           Power        Failure   Level
 Passwall                 Tmut/Erth      15%          3%          2
 Petrify                  Tmut/Erth      19%          22%         4
 Lee's Rapid Deconstruct  Erth           11%          41%         5


Dungeon Overview and Level Annotations

Branches:
Dungeon (5/15)
 Temple: D:4-7

Altars:
Cheibriados
Gozag
Hepliaklqana
Makhleb
Xom

Annotations:
D:5 tamionv's ghost, novice MfFi


Innate Abilities, Weirdness & Mutations

You can breathe waves of freezing cold.
You can buffet flying creatures when you breathe cold.
Your icy white scales are hard. (AC +6)
You cannot fit into any form of body armour.
Your flesh is cold resistant. (rC+)
You are cold-blooded and may be slowed by cold attacks.


Message History

You hit tamionv's ghost.
You tail-slap tamionv's ghost, but do no damage.
Tamionv's ghost is moderately damaged.
Tamionv's ghost hits you!
* * * LOW HITPOINT WARNING * * *
You closely miss tamionv's ghost.
Tamionv's ghost is moderately damaged.
You hit tamionv's ghost.
Tamionv's ghost is moderately damaged.
Tamionv's ghost hits you!
* * * LOW HITPOINT WARNING * * *
You hit tamionv's ghost but do no damage.
Tamionv's ghost is moderately damaged.
Tamionv's ghost hits you.
* * * LOW HITPOINT WARNING * * *
You hit tamionv's ghost but do no damage.
Your tail-slap misses tamionv's ghost.
Tamionv's ghost is moderately damaged.
Tamionv's ghost hits you!
You die...

...........#
...!.......
...........#
.....###......## ###
#...##⌠##......#
#.####..##...##....##
....$..##..!..##....#
.......#⌠..♣...W@...#
.....(.##..!..##...##
........##...##.....#
)........##⌠##......#
#..###....###..#....#
##+###........##..$##
....#.........##...#
....#..........#.....
....'..........#......


You could see tamionv's ghost.

Vanquished Creatures
  2 phantoms (D:4)
  An ogre (D:2)
  A scorpion (D:4)
  A hound (D:2)
  2 orc priests
  An iguana (D:4)
  2 worker ants
  A hound skeleton (D:4)
  3 gnolls (D:4)
  3 adders
  2 worms (D:2)
  6 leopard geckos
  12 orcs
  6 giant cockroaches
  5 goblins
  7 hobgoblins
  2 jackals (D:3)
  A quokka (D:4)
  3 ball pythons
  A ball python skeleton (D:4)
  7 bats
  8 frilled lizards
  7 kobolds
  3 rats (D:1)
87 creatures vanquished.

Notes
Turn   | Place    | Note
-------+----------+-------------------------------------------
     0 | D:1      | Kukuleta the Draconian Earth Elementalist began the quest
                  | for the Orb.
     0 | D:1      | Reached XP level 1. HP: 14/14 MP: 3/3
   580 | D:1      | Reached XP level 2. HP: 17/20 MP: 0/5
   999 | D:2      | Reached XP level 3. HP: 21/26 MP: 2/7
  1061 | D:2      | Found a snail-covered altar of Cheibriados.
  1233 | D:2      | Learned a level 3 spell: Stone Arrow
  1374 | D:2      | Noticed an ogre
  1391 | D:2      | Killed an ogre
  1392 | D:2      | Reached skill level 4 in Earth Magic
  1392 | D:2      | Reached XP level 4. HP: 33/33 MP: 4/8
  1392 | D:2      | Reached XP level 5. HP: 38/38 MP: 4/9
  1420 | D:2      | Found a burning altar of Makhleb.
  1635 | D:2      | Found a shimmering altar of Xom.
  2928 | D:3      | Reached XP level 6. HP: 45/45 MP: 11/11
  2983 | D:3      | Found a hazy altar of Hepliaklqana.
  3338 | D:4      | Found an opulent altar of Gozag.
  4551 | D:4      | Reached skill level 1 in Short Blades
  4551 | D:4      | Reached skill level 5 in Earth Magic
  4589 | D:4      | Your scales start taking on an icy white colour.
  4589 | D:4      | Reached XP level 7. HP: 30/50 MP: 13/13
  4589 | D:4      | Gained mutation: Your flesh is cold resistant. (rC+) [White
                  | Draconian growth]
  4977 | D:5      | Entered Level 5 of the Dungeon
  5021 | D:5      | Noticed tamionv's ghost (novice MfFi)
  5040 | D:5      | Found a runed translucent door.
  5062 | D:5      | HP: 1/50 [tamionv's ghost (5)]
  5063 | D:5      | Mangled by tamionv's ghost

Illustrated notes

Levels and vault maps discovered:
D:1:      matt_arrival_diagonals, layout_basic, minivault_23,
          minmay_tetromino_l4
D:2:      layout_basic, marbit_many_paths, cheibriados_altar_1,
          lemuel_doored_altar, minmay_close_crescents
D:3:      layout_loops_cross, old_standard_altar
D:4:      minmay_clustersquares, layout_basic, grunt_gozag_statues,
          grunt_ministairs_7, chequers_serial_rivers_micro_d
D:5:      layout_gridville, hellmonk_ghost_happy_afterlife,
          okawaru_altar_gauntlet_db

Skill      XL: |  1  2  3  4  5  6 |
---------------+-------------------+-----
Dodging        | 2 |  2.0
Spellcasting   | 3 4 |  4.3
Transmutations | 2 3 |  3.8
Earth Magic    | 4 5 |  5.5
Short Blades   | 1 |  1.9
Fighting       | |  0.2
Stealth        | |  1.8

Action                   |  1- 3 |  4- 6 |  7- 9 || total
-------------------------+-------+-------+-------++-------
Melee: Unarmed           |    42 |       |       ||    42
       Tailslap          |     5 |     8 |     2 ||    15
       Club              |    11 |     8 |       ||    19
       Dagger            |       |   106 |    24 ||   130
       Rapier            |       |    37 |       ||    37
 Cast: Sandblast         |    34 |    49 |    16 ||    99
  Use: Scroll            |       |     7 |     2 ||     9
 Stab: Sleeping          |     1 |     5 |       ||     6
Armor: Skin              |    39 |    36 |     4 ||    79
Dodge: Dodged            |    71 |   102 |    12 ||   185
